 Dungeon Crawl Stone Soup version 0.21.1-1-g345015f (webtiles) character file.

58 empire the Conjurer (level 3, -1/26 HPs)
             Began as a Draconian Conjurer on June 21, 2018.
             Slain by a worm (9 damage)
             ... on level 3 of the Dungeon.
             The game lasted 00:03:16 (1766 turns).

empire the Conjurer (Draconian Conjurer)            Turns: 1766, Time: 00:03:17

Health: -1/26      AC:  5    Str: 10    XL:     3   Next: 75%
Magic:  0/6        EV: 12    Int: 16    God:
Gold:   87         SH:  0    Dex: 16    Spells: 3/6 levels left

rFire    . . .     SeeInvis .   a - +0 dagger
rCold    . . .     Gourm    .   (no shield)
rNeg     . . .     Faith    .   (armour unavailable)
rPois    .         Spirit   .   (helmet restricted)
rElec    .         Reflect  .   (no cloak)
rCorr    .         Harm     .   (no gloves)
MR       .....                  (no boots)
Stlth    ++........             q - amulet of regeneration
HPRegen  0.48/turn              (no ring)
MPRegen  0.10/turn              j - +5 ring of dexterity

@: no status effects
A: unfitting armour, cold-blooded, AC +5
a: no special abilities


You were on level 3 of the Dungeon.
You were not hungry.

You visited 1 branch of the dungeon, and saw 3 of its levels.

You collected 87 gold pieces.

Inventory:

Hand Weapons
 a - a +0 dagger (weapon)
 b - a +0 short sword
 m - a +0 long sword
Jewellery
 j - a +5 ring of dexterity (right hand)
 q - an amulet of regeneration (around neck)
Scrolls
 o - a scroll of amnesia
Potions
 c - a potion of agility {unknown}
 e - a potion of heal wounds {unknown}
 f - 2 potions of curing {unknown}
 i - a potion of cancellation {unknown}
 l - 2 potions of might {unknown}
 p - a potion of brilliance {unknown}
Books
 d - a book of Conjurations

   Spells                             Type                      Level
   a - Magic Dart                     Conjuration                  1
   b - Searing Ray                    Conjuration                  2
   c - Dazzling Spray                 Conjuration/Hexes            3
   d - Fulminant Prism                Conjuration/Hexes            4
   e - Force Lance                    Conjuration/Translocation    4
   f - Iskenderun's Mystic Blast      Conjuration                  4
Comestibles
 g - 2 chunks of flesh
 k - 4 rations


   Skills:
 - Level 1.7 Dodging
 - Level 1.7 Stealth
 + Level 2.1 Spellcasting
 - Level 5.4 Conjurations


You had 3 spell levels left.
You knew the following spells:

 Your Spells              Type           Power        Failure   Level  Hunger
a - Magic Dart            Conj           ###.         2%          1    #......
b - Searing Ray           Conj           ###...       3%          2    ###....


Dungeon Overview and Level Annotations

Branches:
Dungeon (3/15)

Altars:

Annotations:
D:1 1 runed door


Innate Abilities, Weirdness & Mutations

Your plain brown scales are hard. (AC +5)
You cannot fit into any form of body armour.
You are cold-blooded and may be slowed by cold attacks.


Message History

You hit the worm.
The worm is severely wounded.
The worm misses you.
Casting: Magic Dart
Confirm with . or Enter, or press ? or * to list all spells.
Aiming: Magic Dart
Press: ? - help, Shift-Dir - straight line, f/p - worm
Aim: a worm (severely wounded)
The magic dart hits the worm.
The worm is severely wounded.
You hit the worm but do no damage.
The worm is severely wounded.
The worm bites you.
* * * LOW HITPOINT WARNING * * *
You hit the worm.
The worm is severely wounded.
You hit the worm.
The worm is severely wounded.
The worm bites you!
You die...

#(####.........# #.#####.#....
# #.........####..##........
#.# #...................=.....
...##..........#####..........
#............................
####.#......##.....#.........
#..#####.# ####.#.........
##.....#.######...........
#####...@w.....##........
######.....##........
##....<.. ..>.... .......
......K ....... .......
..a....


You could see a worm.

Vanquished Creatures
  2 adders
  2 worms (D:3)
  A dart slug (D:2)
  2 giant cockroaches (D:1)
  5 goblins
  3 hobgoblins
  2 quokkas
  A ball python (D:1)
  3 bats (D:1)
  2 frilled lizards
  5 kobolds
  6 rats
34 creatures vanquished.

Notes
Turn   | Place    | Note
-------+----------+-------------------------------------------
     0 | D:1      | empire the Draconian Conjurer began the quest for the Orb.
     0 | D:1      | Reached XP level 1. HP: 14/14 MP: 3/3
     1 | D:1      | Found a runed door.
   157 | D:1      | Reached XP level 2. HP: 14/20 MP: 5/5
   772 | D:2      | Learned a level 2 spell: Searing Ray
  1037 | D:2      | Reached skill level 5 in Conjurations
  1037 | D:2      | Reached XP level 3. HP: 16/26 MP: 3/6
  1766 | D:3      | Slain by a worm

Skill      XL: |  1  2 |
---------------+-------+-----
Conjurations   | 5 |  5.4
Dodging        | |  1.7
Stealth        | |  1.7
Spellcasting   | |  2.1

Action                   || total
-------------------------++-------
Melee: Dagger            ||   139
       Unarmed           ||     9
       Tailslap          ||    18
 Cast: Magic Dart        ||    28
  Use: Scroll            ||     3
  Eat: Chunk             ||     3
Armor: Skin              ||    35
Dodge: Dodged            ||    94
